 Dungeon Crawl Stone Soup version 0.23.0-3-gf3c87f2 (webtiles) character file.

Game seed: 7709179012365883748

209 ohad the Changer (level 5, -5/33 HPs)
             Began as an Octopode Transmuter on Feb 22, 2019.
             Slain by an elf zombie (7 damage)
             ... on level 4 of the Dungeon on Feb 23, 2019.
             The game lasted 00:04:47 (2422 turns).

ohad the Changer (Octopode Transmuter)              Turns: 2422, Time: 00:04:48

Health: -5/33      AC:  1    Str:  9    XL:     5   Next: 87%
Magic:  3/8        EV: 13    Int: 16    God:
Gold:   179        SH:  0    Dex: 13    Spells: 2/8 levels left

rFire    . . .     SeeInvis .     - Unarmed
rCold    . . .     Gourm    .   (no shield)
rNeg     . . .     Faith    .   (helmet restricted)
rPois    .         Spirit   .   (no amulet)
rElec    .         Reflect  .   (no ring)
rCorr    .         Harm     .   (no ring)
MR       .....                  (no ring)
Stlth    ++........             (no ring)
HPRegen  0.11/turn              (no ring)
MPRegen  0.11/turn              (no ring)
                                (no ring)
                                (no ring)

@: appendage (expiring)
A: almost no armour, stealthy swim, amphibious, 8 rings, constrict 8, tentacle
spike 3, camouflage 1, gelatinous body 1
a: End Transformation


You were on level 4 of the Dungeon.
You were hungry.
One of your tentacles had a temporary spike.
You visited 1 branch of the dungeon, and saw 3 of its levels.

You collected 179 gold pieces.

Inventory:

Missiles
 a - 34 arrows
 i - 5 javelins (quivered)
Scrolls
 b - a scroll of remove curse {unknown}
 d - a scroll of identify
 g - a scroll of magic mapping {unknown}
 h - a scroll of fear {unknown}
Potions
 e - 2 potions of degeneration
 f - a potion of flight {unknown}
Comestibles
 c - 3 rations


   Skills:
 - Level 1.0 Fighting
 - Level 2.0 Dodging
 - Level 3.0 Unarmed Combat
 - Level 2.0 Spellcasting
 + Level 5.9 Transmutations


You had 2 spell levels left.
You knew the following spells:

 Your Spells              Type           Power        Failure   Level  Hunger
a - Beastly Appendage     Tmut           ###...       1%          1    #......
b - Sticks to Snakes      Tmut           ###.....     2%          2    ###....
c - Spider Form           Tmut/Pois      ##........   19%         3    ###....

Your spell library contained the following spells:

 Spells                   Type           Power        Failure   Level  Hunger
 Blade Hands              Tmut           ###.......   45%         5    ######.
 Ice Form                 Ice/Tmut       ##......     52%         4    #####..


Dungeon Overview and Level Annotations

Branches:
Dungeon (2/15)

Altars:

Portals:
Ossuary: D:4


Innate Abilities, Weirdness & Mutations

You cannot wear most types of armour.
You are very stealthy in the water. (Stealth+)
You are amphibious.
You can wear up to eight rings at the same time.
You can use your tentacles to constrict eight enemies at once.
Your skin changes colour to match your surroundings (Stealth+).
Your rubbery body absorbs attacks. (AC +1, EV +1)
One of your tentacles bears a large vicious spike.


Message History

Cast which spell? (? or * to list) One of your tentacles grows a vicious spike.
You constrict the elf zombie. The elf zombie hits you.
* * * LOW HITPOINT WARNING * * *
You barely miss the elf zombie.
You pierce the elf zombie.
The elf zombie is moderately damaged.
You constrict the elf zombie. The elf zombie closely misses you.
Unknown command.
You release your grip on the elf zombie.
Casting: Beastly Appendage (safe; 1% risk of failure)
Confirm with . or Enter, or press ? or * to list all spells.
You create a snake!
You now have 35 arrows.
Your transformation is almost over.
There is an open door here.
Casting: Sticks to Snakes (safe; 2% risk of failure)
Confirm with . or Enter, or press ? or * to list all spells.
You create a snake!
You now have 34 arrows.
Your adder bites the elf zombie.
Your adder closely misses the elf zombie.
The elf zombie hits you!
You die...

####### #.'.#∩#
###'#'# #.'...+
###ZS.# #.@S..+
#.#'#+# #.#.#
#'###
...............
.....#.........
##.. ###.......
## .......
#......


You could see an elf zombie, a friendly adder and a friendly ball python.

Vanquished Creatures
  2 elf zombies (D:4)
  A gnoll (D:2)
  An ooze (D:1)
  2 worms (D:2)
  4 leopard geckos
  5 bats
  2 giant cockroaches (D:1)
  6 goblins
  3 hobgoblins
  10 jackals
  2 kobolds (D:1)
  2 frilled lizards
  An orc skeleton (D:4)
  10 rats
51 creatures vanquished.

Notes
Turn   | Place    | Note
-------+----------+-------------------------------------------
     0 | D:1      | ohad the Octopode Transmuter began the quest for the Orb.
     0 | D:1      | Reached XP level 1. HP: 13/13 MP: 3/3
   154 | D:1      | Reached XP level 2. HP: 18/18 MP: 5/5
   230 | D:1      | Reached skill level 3 in Transmutations
   586 | D:1      | Reached XP level 3. HP: 17/23 MP: 4/6
  1505 | D:2      | Reached skill level 4 in Transmutations
  1659 | D:2      | Reached XP level 4. HP: 7/28 MP: 7/7
  1904 | D:2      | Noticed a hungry ghost
  2205 | D:2      | You fall through a shaft for 2 floors!
  2219 | D:4      | Reached skill level 5 in Transmutations
  2219 | D:4      | Reached XP level 5. HP: 17/33 MP: 8/8
  2311 | D:4      | Learned a level 2 spell: Sticks to Snakes
  2315 | D:4      | Learned a level 3 spell: Spider Form
  2411 | D:4      | Found a sand-covered staircase.
  2416 | D:4      | HP: 1/33 [elf zombie (6)]
  2422 | D:4      | Slain by an elf zombie

Skill      XL: |  1  2  3  4 |
---------------+-------------+-----
Transmutations | 3 4 5 |  5.9
Fighting       | |  1.0
Dodging        | |  2.0
Unarmed Combat | |  3.0
Spellcasting   | |  2.0

Action                   |  1- 3 |  4- 6 || total
-------------------------+-------+-------++-------
Melee: Unarmed           |    97 |    46 ||   143
       Constrict         |    26 |    10 ||    36
       Tentacles         |    14 |    12 ||    26
       Kick              |    11 |     1 ||    12
       Punch             |     2 |     1 ||     3
 Cast: Beastly Appendage |     6 |     1 ||     7
       Sticks to Snakes  |       |     2 ||     2
  Use: Scroll            |       |     2 ||     2
 Stab: Sleeping          |     8 |       ||     8
  Eat: Chunk             |     2 |     2 ||     4
Armor: Skin              |     9 |     6 ||    15
Dodge: Dodged            |    48 |    28 ||    76
